 Dungeon Crawl Stone Soup version 0.27.0-1-g7a089689b8 (webtiles) character file.

Game seed: 8890914134380736240

116 gimp the Skirmisher (level 4, 0/40 HPs)
             Began as a Draconian Arcane Marksman on Aug 7, 2021.
             Was a Believer of Yredelemnul.
             Slain by a mummy (12 damage)
             ... in an ossuary.
             The game lasted 00:06:09 (2696 turns).

gimp the Skirmisher (Draconian Arcane Marksman)     Turns: 2696, Time: 00:06:10

Health: 0/40       AC:  8    Str: 14    XL:     4   Next: 70%
Magic:  5/5        EV: 12    Int: 13    God:    Yredelemnul [**....]
Gold:   45         SH:  5    Dex: 11    Spells: 4/5 levels left

rFire    . . .     SeeInvis .   a - +0 whip (venom)
rCold    . . .     Faith    .   (no shield)
rNeg     . . .     Spirit   .   (armour unavailable)
rPois    .         Reflect  +   (helmet restricted)
rElec    .         Harm     .   (no cloak)
rCorr    .         Rampage  .   n - +0 pair of gloves
Will     .....                  g - +1 pair of boots
Stlth    +.........             r - amulet of reflection
HPRegen  0.13/turn              (no ring)
MPRegen  0.09/turn              (no ring)

@: no status effects
A: AC +5, unfitting armour, cold-blooded
a: Renounce Religion, Animate Remains, Recall Undead Slaves, Injury Mirror


You were in an ossuary.
You worshipped Yredelemnul.
Yredelemnul was pleased with you.
You visited 1 branch of the dungeon, and saw 4 of its levels.
You also visited: Ossuary.

You collected 111 gold pieces.
You spent 66 gold pieces at shops.

Inventory:

Hand Weapons
 a - a +0 whip of venom (weapon)
 b - a +0 dagger
Missiles
 d - a throwing net
 j - 31 stones
 k - 5 javelins (quivered)
Armour
 g - a +1 pair of boots (worn)
 h - a +1 kite shield of cold resistance
 n - a +0 pair of gloves (worn)
Jewellery
 r - an amulet of reflection (around neck)
Scrolls
 c - a scroll of enchant weapon
 e - a scroll of identify
 f - 2 scrolls of fear
 l - a scroll of summoning {unknown}
 m - a scroll of blinking {unknown}
 o - 2 scrolls of teleportation
 s - 2 scrolls of enchant armour
Potions
 p - a potion of invisibility


   Skills:
 + Level 3.8 Fighting
 * Level 2.8 Maces & Flails
 - Level 1.7 Throwing
 - Level 1.7 Dodging
 - Level 1.0 Spellcasting
 - Level 2.6 Hexes


You had 4 spell levels left.
You knew the following spells:

 Your Spells              Type           Power      Damage    Failure   Level
a - Corona                Hex            7%         N/A       10%         1

Your spell library contained the following spells:

 Spells                   Type           Power      Damage    Failure   Level
 Slow                     Hex            7%         N/A       14%         2
 Inner Flame              Hex/Fire       4%         N/A       43%         3
 Portal Projectile        Hex/Tloc       8%         N/A       43%         3
 Cause Fear               Hex            3%         N/A       67%         4


Dungeon Overview and Level Annotations

Branches:
Dungeon (4/15)            Ossuary (1/1)
 Temple: D:4-7

Altars:
Elyvilon
Yredelemnul

Shops:
D:1 ?


Innate Abilities, Weirdness & Mutations

Your plain brown scales are hard. (AC +5)
You cannot fit into any form of body armour.
You are cold-blooded and may be slowed by cold attacks.


Message History

The hobgoblin zombie is almost destroyed.
The hobgoblin zombie closely misses you.
You hit the hobgoblin zombie.
You destroy the hobgoblin zombie!
Yredelemnul accepts your kill.
No target in view!
k - a javelin
k - 2 javelins (gained 1)
j - 29 stones (gained 2)
A mummy comes into view.
You see here a javelin.
k - 3 javelins (gained 1)
A mummy comes into view.
You see here a javelin.
k - 4 javelins (gained 1)
Things that are here:
a javelin; a stone
j - 30 stones (gained 1)
k - 5 javelins (gained 1)
You see here a stone.
j - 31 stones (gained 1)
You hit the mummy.
The mummy is moderately damaged.
You barely miss the mummy.
The mummy is moderately damaged.
The mummy closely misses you.
You hit the mummy.
The mummy is moderately damaged.
The mummy hits you!
You take 16 damage, and have 23/40 hp.
MASSIVE DAMAGE!!
You barely miss the mummy.
The mummy is moderately damaged.
You hit the mummy.
The mummy is moderately damaged.
The mummy hits you!
* * * LOW HITPOINT WARNING * * *
You take 11 damage, and have 12/40 hp.
MASSIVE DAMAGE!!
The mummy hits you!
You die...
Your body rises from the dead as a mindless zombie.

#.... #### ...
..... ##..## ....
.....##....##....
.................
#................
#.....(........#
#+##..M.....##+
##..M...##
##@...## #....#
#....# #....#
#....# #....#
#....# #....#
#.∩∩.#


You could see 2 mummies.

Vanquished Creatures
  4 mummies (Ossuary)
  An adder (D:3)
  2 worms (D:2)
  5 bats
  2 endoplasms (D:1)
  4 giant cockroaches
  8 goblins
  A hobgoblin (D:1)
  3 quokkas
  6 ball pythons
  2 frilled lizards
  3 gnoll zombies (Ossuary)
  2 hobgoblin zombies (Ossuary)
  4 kobolds (D:1)
  A kobold zombie (Ossuary)
  2 orc zombies (Ossuary)
  7 rats
57 creatures vanquished.

Notes
Turn   | Place    | Note
-------+----------+-------------------------------------------
     0 | D:1      | gimp the Draconian Arcane Marksman began the quest for the
                  | Orb.
     0 | D:1      | Reached XP level 1. HP: 16/16 MP: 2/2
    25 | D:1      | Found Joitawuq's Magic Scroll Emporium.
   116 | D:1      | Reached skill level 2 in Fighting
   521 | D:1      | Reached XP level 2. HP: 23/25 MP: 3/3
   628 | D:1      | Bought a scroll of identify for 24 gold pieces
   962 | D:1      | Found a faded altar of an unknown god.
   976 | D:1      | Became a worshipper of Yredelemnul the Dark
   976 | D:1      | Reached * piety under Yredelemnul
  1214 | D:1      | Bought a scroll of fear for 42 gold pieces
  1339 | D:1      | Reached skill level 3 in Fighting
  1574 | D:2      | Reached XP level 3. HP: 24/31 MP: 4/4
  1845 | D:2      | Reached skill level 1 in Maces & Flails
  2161 | D:2      | Found a white marble altar of Elyvilon.
  2497 | D:3      | Reached ** piety under Yredelemnul
  2577 | D:4      | Found a sand-covered staircase.
  2582 | Ossuary  | Entered an ossuary
  2638 | Ossuary  | Reached XP level 4. HP: 37/38 MP: 5/5
  2696 | Ossuary  | Slain by a mummy

Illustrated notes

Levels and vault maps discovered:
D:1:      minmay_arrival_arboretum_small, layout_loops_ring, serial_shops, shop,
          hellmonk_ecumenical_altar_run_dry, minmay_misc_feat_tower,
          minivault_19, minmay_heptomino_l4
D:2:      layout_loops_corners, basic_altar
D:3:      layout_basic, serial_bayou_ford_a
D:4:      layout_loops_corners, fedhas_altar_1, marbit_many_paths,
          enter_ossuary_5, gup_sewer_entry_glass, uniq_pikel,
          uniq_crazy_yiuf_cottage
Ossuary:  ossuary_tomb_3

Skill      XL: |  1  2  3 |
---------------+----------+-----
Fighting       | 2 3 |  3.8
Maces & Flails | 2 |  2.8
Throwing       | |  1.7
Dodging        | |  1.7
Spellcasting   | |  1.0
Hexes          | |  2.6

Action                   |  1- 3 |  4- 6 || total
-------------------------+-------+-------++-------
Melee: Dagger            |    65 |       ||    65
       Tailslap          |    24 |     7 ||    31
       Unarmed           |     3 |       ||     3
       Whip              |    96 |    31 ||   127
Throw: Javelin           |    16 |     4 ||    20
       Throwing net      |     2 |       ||     2
       Stone             |     6 |       ||     6
  Use: Scroll            |     6 |       ||     6
Armor: Skin              |    57 |     9 ||    66
Dodge: Dodged            |    72 |    12 ||    84
Block: Other             |    20 |     7 ||    27
